 Dungeon Crawl Stone Soup version 0.28.0 (webtiles) character file.

Game seed: 2159698788728497511

54 Aksej the Skirmisher (level 3, -4/29 HPs)
             Began as a Demonspawn Monk on Feb 15, 2022.
             Slain by a goblin (9 damage)
             ... on level 2 of the Dungeon.
             The game lasted 00:04:33 (1416 turns).

Aksej the Skirmisher (Demonspawn Monk)              Turns: 1416, Time: 00:04:34

Health: -4/29      AC:  2    Str: 11    XL:     3   Next: 66%
Magic:  3/3        EV: 13    Int: 11    God:
Gold:   119        SH:  0    Dex: 17    Spells: 2/2 levels left

rFire   . . .      SeeInvis .   a - +0 falchion
rCold   . . .      Faith    .   (no shield)
rNeg    . . .      Spirit   .   b - +0 robe
rPois   .          Reflect  .   (no helmet)
rElec   .          Harm     .   (no cloak)
rCorr   .          Rampage  .   (no gloves)
Will    .....                   (no boots)
Stlth   ++........              (no amulet)
HPRegen 0.09/turn               (no ring)
MPRegen 0.08/turn               (no ring)

@: no status effects
A: ignite blood 1, demonic touch 1
a: no special abilities


You were on level 2 of the Dungeon.
You visited 1 branch of the dungeon, and saw 2 of its levels.

You collected 119 gold pieces.

Inventory:

Hand Weapons
 a - a +0 falchion (weapon)
Armour
 b - a +0 robe (worn)
Potions
 c - a potion of curing
 e - a potion of brilliance


   Skills:
 * Level 3.4 Fighting
 + Level 3.2 Long Blades
 + Level 3.2 Dodging
 + Level 2.1 Stealth
 * Level 0.2 Unarmed Combat


You had 2 spell levels left.
You didn't know any spells.
Your spell library contained the following spells:

 Spells                   Type           Power      Damage    Failure   Level
 Animate Skeleton         Necr           0%         N/A       34%         1
 Pain                     Necr           0%         1d4       34%         1
 Vampiric Draining        Necr           0%         2d6       71%         3


Dungeon Overview and Level Annotations

Branches:
Dungeon (2/15)

Altars:
Sif Muna

Annotations:
D:2 1 runed translucent door, Crazy Yiuf


Innate Abilities, Weirdness & Mutations

Your demonic aura sometimes causes spilled blood to erupt in flames.
Your touch may inflict minor irresistible damage on your foes.


Message History

You hit the hobgoblin but do no damage.
The hobgoblin is moderately wounded.
The hobgoblin hits you but does no damage.
The hobgoblin barely misses you.
You barely miss the hobgoblin.
You touch the hobgoblin.
The hobgoblin is almost dead.
The hobgoblin hits you but does no damage.
You hit the hobgoblin but do no damage. Your touch misses the hobgoblin.
The hobgoblin is almost dead.
The hobgoblin closely misses you.
You barely miss the hobgoblin.
You touch the hobgoblin.
You kill the hobgoblin!
The goblin misses you.
You closely miss the goblin. The goblin misses you.
You hit the goblin.
You kill the goblin!
You now have 108 gold pieces (gained 18).
Items here: )) [ †.
You now have 119 gold pieces (gained 11).
You see here a +0 trident.
A goblin comes into view. It is wielding a +0 flail.
An orc comes into view. It is wielding a +0 war axe.
Found a scroll labelled TOASYC NESHRU.
The orc shouts!
The goblin shouts!
The goblin throws a stone.
The stone misses you. The goblin hits you but does no damage.
You closely miss the goblin. Your touch misses the goblin.
The goblin hits you with a +0 flail.
You hit the orc but do no damage. The goblin closely misses you.
The orc hits you with a +0 war axe!
You hit the orc but do no damage. The goblin hits you but does no damage.
The orc misses you.
You barely miss the orc.
You touch the orc.
The orc is severely wounded.
The goblin hits you with a +0 flail. The orc hits you with a +0 war axe!
* * * LOW HITPOINT WARNING * * *
You slash the orc!
You kill the orc!
The goblin hits you with a +0 flail!
You die...

...###..########.
######).......... #
#......#...###B
#.##..#........
###.##..#.###....
##..##..#...####. ##
..........#).#.# #.#
.....(....##..###).#..#
...####...##....@g...#
..#####...###.##8..#....
....))....# #.(8...# #
.#####....# .##...##
..........#.# ..###
.#####.#..#? ##.. ##
##.#..# #.##
#####..#..### ##
..............


You could see a goblin.

Vanquished Creatures
  An adder (D:2)
  A dart slug (D:1)
  3 orcs (D:2)
  5 bats
  8 endoplasms
  6 goblins
  5 hobgoblins
  A quokka (D:1)
  3 ball pythons (D:1)
  A frilled lizard (D:1)
  2 kobolds
  A rat (D:1)
37 creatures vanquished.

Notes
Turn   | Place    | Note
-------+----------+-------------------------------------------
     0 | D:1      | Aksej the Demonspawn Monk began the quest for the Orb.
     0 | D:1      | Reached XP level 1. HP: 18/18 MP: 1/1
   229 | D:1      | Gained mutation: Your touch may inflict minor irresistible
                  | damage on your foes. [demonic ancestry]
   229 | D:1      | Reached XP level 2. HP: 14/24 MP: 2/2
   408 | D:1      | Found a faded altar of an unknown god.
   898 | D:2      | Found a shimmering blue altar of Sif Muna.
   904 | D:2      | Gained mutation: Your demonic aura sometimes causes spilled
                  | blood to erupt in flames. [demonic ancestry]
   904 | D:2      | Reached XP level 3. HP: 29/29 MP: 3/3
  1085 | D:2      | Found a runed translucent door.
  1086 | D:2      | Noticed Crazy Yiuf
  1416 | D:2      | Slain by a goblin

Illustrated notes

Levels and vault maps discovered:
D:1:      lemuel_arrival_funnel, layout_basic,
          hellmonk_ecumenical_altar_slurped_away, kennysheep_crisscross
D:2:      layout_loops_ring, basic_altar, guppyfry_early_orc_mine,
          uniq_crazy_yiuf_cottage, uniq_sigmund

Skill      XL: |  1  2 |
---------------+-------+-----
Dodging        | 3 |  3.2
Stealth        | 2 |  2.1
Long Blades    | 3 |  3.2
Fighting       | |  3.4
Unarmed Combat | |  0.2

Action                   || total
-------------------------++-------
Melee: Falchion          ||   112
       Touch             ||    16
  Use: Potion            ||     3
       Scroll            ||     2
 Stab: Sleeping          ||     4
Armor: Robe              ||    23
Dodge: Dodged            ||    97
